 Dungeon Crawl Stone Soup version 0.28-a0-43-g560ac104fe (webtiles) character file.

Game seed: 4511933278948017754

867 Gwenloh the Chopper (level 8, 0/62 HPs)
             Began as a Hill Orc Warper on July 28, 2021.
             Was a Believer of Kikubaaqudgha.
             Slain by a yak (12 damage)
             ... on level 5 of the Dungeon.
             The game lasted 00:20:43 (7126 turns).

Gwenloh the Chopper (Hill Orc Warper)               Turns: 7126, Time: 00:20:43

Health: 0/62       AC:  8    Str: 14    XL:     8   Next: 3%
Magic:  2/19       EV: 10    Int: 13    God:    Kikubaaqudgha [**....]
Gold:   306        SH:  0    Dex: 12    Spells: 1/10 levels left

rFire   . . .      SeeInvis .   a - +0 hand axe
rCold   . . .      Faith    .   (no shield)
rNeg    . . .      Spirit   .   r - +0 ring mail
rPois   .          Reflect  .   (no helmet)
rElec   .          Harm     .   C - +0 cloak
rCorr   .          Rampage  .   H - +0 pair of gloves
Will    .....                   (no boots)
Stlth   +.........              (no amulet)
HPRegen 0.20/turn               i - ring of wizardry
MPRegen 0.16/turn               y - ring of magical power

@: no status effects
A: no striking features
a: Renounce Religion, Receive Corpses


You were on level 5 of the Dungeon.
You worshipped Kikubaaqudgha.
Kikubaaqudgha was pleased with you.
You visited 1 branch of the dungeon, and saw 5 of its levels.

You collected 306 gold pieces.

Inventory:

Hand Weapons
 a - a +0 hand axe (weapon)
 b - a +0 hunting sling
 z - a +0 spear
Missiles
 d - 5 boomerangs of dispersal
 e - 42 sling bullets
 j - 110 stones
 s - 4 boomerangs
 A - 74 bolts
 I - 5 javelins
Armour
 m - a +0 leather armour
 q - a scarf of invisibility
 r - a +0 ring mail (worn)
 C - a +0 cloak (worn)
 H - a +0 pair of gloves (worn)
Jewellery
 i - a ring of wizardry (left hand)
 y - a ring of magical power (right hand)
 D - a ring of poison resistance
 G - a +6 ring of strength
Wands
 u - a wand of polymorph (12)
 F - a wand of paralysis (9)
Scrolls
 c - 3 scrolls of identify {unknown}
 l - a scroll of holy word {unknown}
 n - a scroll of amnesia {unknown}
 v - 2 scrolls of teleportation {unknown}
 w - a scroll of torment {unknown}
 B - 3 scrolls of enchant armour {unknown}
 E - a scroll of fog {unknown}
Potions
 f - 2 potions of might {unknown}
 g - a potion of heal wounds {unknown}
 h - 2 potions of brilliance {unknown}
 k - 2 potions of curing {unknown}
 o - 3 potions of lignification {unknown}
 p - 2 potions of flight {unknown}
 t - a potion of cancellation {unknown}
 x - a potion of magic {unknown}


   Skills:
 - Level 2.4 Fighting
 - Level 5.0 Axes
 - Level 0.8 Throwing
 - Level 5.0 Armour
 - Level 1.5 Dodging
 - Level 1.5 Spellcasting
 - Level 5.0 Necromancy
 + Level 4.3 Translocations


You had one spell level left.
You knew the following spells:

 Your Spells              Type           Power      Damage    Failure   Level
a - Pain                  Necr           56%        1d6       2%          1
b - Vampiric Draining     Necr           7%         2d7       9%          3
c - Manifold Assault      Tloc           12%        N/A       65%         5

Your spell library contained the following spells:

 Spells                   Type           Power      Damage    Failure   Level
 Sublimation of Blood     Necr           7%         N/A       4%          2
 Blink                    Tloc           N/A        N/A       5%          2
 Gell's Gravitas          Tloc           6%         N/A       11%         3
 Lesser Beckoning         Tloc           6%         N/A       11%         3
 Teleport Other           Tloc           12%        N/A       11%         3
 Corpse Rot               Necr/Air       N/A        N/A       12%         2
 Stone Arrow              Conj/Erth      2%         3d7       50%         3
 Bolt of Magma            Conj/Fire/Erth 0%         4d4       99%         5
 Shatter                  Erth           0%         3d5*      100%        9


Dungeon Overview and Level Annotations

Branches:
Dungeon (5/15)             Temple (0/1) D:5

Altars:
Kikubaaqudgha
Uskayaw

Shops:
D:2 [   D:4 *   D:5 (


Message History

The yak is heavily wounded.
The yak closely misses you.
You hit the yak.
The yak is heavily wounded.
The yak completely misses you.
You hit the yak.
The yak is severely wounded.
The yak gores you!
Casting: Pain (safe; 2% risk of failure)
Confirm with . or Enter, or press ? or * to list all spells.
You don't have enough magic to cast this spell.
Aiming: Pain (safe; 2% risk of failure)
Press: ? - help, Q - select action, (/) - cycle Shift-Dir - straight line, f/p - yak
Aim: a yak (severely wounded, chance to affect: 72%)
Okay, then.
Okay, then.
Okay, then.
Aiming: Paralyse
Press: ? - help, Shift-Dir - straight line, f/p - yak
Aim: a yak (severely wounded, chance to affect: 46%)
The yak resists with some effort.
The yak gores you.
* * * LOW HITPOINT WARNING * * *
Casting: Pain (safe; 2% risk of failure)
Confirm with . or Enter, or press ? or * to list all spells.
You can't see any susceptible monsters within range! (Use Z to cast anyway.)
Casting: Pain (safe; 2% risk of failure)
Confirm with . or Enter, or press ? or * to list all spells.
Aiming: Pain (safe; 2% risk of failure)
Press: ? - help, Shift-Dir - straight line, f/p - yak
Aim: a yak (severely wounded, chance to affect: 72%)
The yak struggles to resist.
The yak gores you.
* * * LOW HITPOINT WARNING * * *
Casting: Pain (safe; 2% risk of failure)
Confirm with . or Enter, or press ? or * to list all spells.
Aiming: Pain (safe; 2% risk of failure)
Press: ? - help, Shift-Dir - straight line, f/p - yak
Aim: a yak (severely wounded, chance to affect: 72%)
The yak writhes in agony.
The yak gores you!
You die...
Kikubaaqudgha rasps: "You have failed me!
Welcome... death!"

### ############.#
#............#
#.####.......#
#.#.#<.#####.#
#.#<#..#≈P.#.#
#.#.#.Y#D..#.#
###########.#Y#.@#####(##
........Y.....>.........#
##......###.#....((∩....#
#......# #.#...(.....).#
#.....Y###.#..(######..#
####).....#.#...######.##
.......Y..#.#........#.#
..........#.#.#.####.#.#
.....##'###.#........#


You could see a yak.

Vanquished Creatures
  3 yaks
  A necrophage (D:4)
  A jelly (D:5)
  A centaur zombie (D:5)
  An orc priest (D:4)
  3 iguanas
  A hound skeleton (D:4)
  6 gnolls
  3 adders
  An adder skeleton (D:4)
  A worm (D:3)
  A dart slug (D:2)
  5 orcs
  5 ball pythons
  3 bats
  3 endoplasms
  3 giant cockroaches
  3 goblins
  5 hobgoblins
  8 jackals
  2 quokkas (D:2)
  2 frilled lizards
  A kobold (D:4)
  8 rats
71 creatures vanquished.

Vanquished Creatures (others)
  A plant (D:5)
1 creature vanquished.

Grand Total: 72 creatures vanquished

Notes
Turn   | Place    | Note
-------+----------+-------------------------------------------
     0 | D:1      | Gwenloh the Hill Orc Warper began the quest for the Orb.
     0 | D:1      | Reached XP level 1. HP: 18/18 MP: 3/3
   312 | D:1      | Reached XP level 2. HP: 25/25 MP: 4/4
   604 | D:1      | Found a faded altar of an unknown god.
   634 | D:1      | Became a worshipper of Kikubaaqudgha
   634 | D:1      | Reached * piety under Kikubaaqudgha
   634 | D:1      | Received a gift from Kikubaaqudgha
   637 | D:1      | Learned a level 1 spell: Pain
  1269 | D:2      | Reached XP level 3. HP: 28/30 MP: 2/5
  1648 | D:2      | Reached skill level 1 in Necromancy
  2278 | D:2      | Found Duaxaapleh's Antique Armour Boutique.
  2459 | D:2      | Reached XP level 4. HP: 36/37 MP: 4/6
  2592 | D:2      | Reached ** piety under Kikubaaqudgha
  3402 | D:3      | Found a hide-covered altar of Uskayaw.
  4090 | D:4      | Reached XP level 5. HP: 42/42 MP: 7/7
  4094 | D:4      | Learned a level 3 spell: Vampiric Draining
  4189 | D:4      | Found Hadatoim's Assorted Antiques.
  4628 | D:4      | Reached skill level 5 in Axes
  4783 | D:4      | Noticed a necrophage
  4941 | D:4      | Reached XP level 6. HP: 16/50 MP: 8/8
  5186 | D:4      | Killed a necrophage
  5718 | D:5      | Entered Level 5 of the Dungeon
  5720 | D:5      | Found Kerabb's Hydra Hut.
  5803 | D:5      | Noticed a seven-headed hydra
  6179 | D:5      | Found a staircase to the Ecumenical Temple.
  6384 | D:5      | Noticed a yak
  6408 | D:5      | Noticed a yak
  6410 | D:5      | Noticed a yak
  6410 | D:5      | Noticed a yak
  6494 | D:4      | Killed a yak
  6495 | D:4      | Reached skill level 5 in Armour
  6495 | D:4      | Reached skill level 5 in Necromancy
  6495 | D:4      | Reached XP level 7. HP: 24/56 MP: 4/9
  6501 | D:4      | Learned a level 5 spell: Manifold Assault
  6863 | D:4      | Killed a yak
  7100 | D:5      | Killed a yak
  7101 | D:5      | Reached XP level 8. HP: 49/62 MP: 6/10
  7126 | D:5      | Slain by a yak

Illustrated notes

Levels and vault maps discovered:
D:1:      psy_arrival_statuary, layout_basic,
          hellmonk_ecumenical_altar_dog_temple
D:2:      layout_loops_cross, serial_shops, nicolae_diamond_shop
D:3:      layout_basic, mainiacjoe_overflow_small_starburst
D:4:      layout_rooms, serial_shops, shop, serial_glass, glass_columns_a,
          glass_columns_a, glass_columns_a, glass_columns_b, glass_columns_c,
          glass_columns_a, due_unseen_surprise, supply_closet_lemuel
D:5:      layout_basic, minmay_temple_entry_poolview,
          hangedman_abyss_or_decor_passed, chequers_arboretum,
          doesnt_shop_hydraphobe

Skill      XL: |  1  2  3  4  5  6  7 |
---------------+----------------------+-----
Axes           | 3 4 5 |  5.0
Armour         | 2 3 5 |  5.0
Necromancy     | 1 2 5 |  5.0
Translocations | 4 |  4.3
Fighting       | |  2.4
Throwing       | |  0.8
Dodging        | |  1.5
Spellcasting   | |  1.5

Action                   |  1- 3 |  4- 6 |  7- 9 || total
-------------------------+-------+-------+-------++-------
Melee: Hand axe          |    74 |   124 |    21 ||   219
 Fire: Hunting sling     |     6 |    33 |     5 ||    44
 Cast: Pain              |    35 |    56 |     8 ||    99
       Vampiric Draining |       |    10 |     9 ||    19
Evoke: Wand              |       |       |     1 ||     1
  Use: Scroll            |       |     1 |       ||     1
Armor: Leather armour    |    14 |       |       ||    14
       Ring mail         |       |    44 |     5 ||    49
Dodge: Dodged            |    35 |    66 |    16 ||   117

Table legend: (Time is in decaauts)
 A = Elapsed time spent in this place.
 B = Non-inter-level travel time spent in this place.
 C = Inter-level travel time spent in this place.
 D = Time resting spent in this place.
 E = Time spent auto-exploring this place.
 F = Levels seen in this place.
 G = Mean time per level.
                   A        B        C        D        E       F      G
               +--------+--------+--------+--------+--------+-----+--------+
         Total |   7138 |   6701 |    437 |    467 |   5252 |   5 | 1427.6 |
       Dungeon |   7138 |   6701 |    437 |    467 |   5252 |   5 | 1427.6 |
               +--------+--------+--------+--------+--------+-----+--------+

Top non-repeatable levels by time:
     D:4: 2015 daAuts
     D:2: 1965 daAuts
     D:1: 1285 daAuts
     D:5: 955 daAuts
     D:3: 917 daAuts
